 Dungeon Crawl Stone Soup version 0.20-a0-658-g02b20f4 (webtiles) character file.

751 M4edhros the Covert (level 7, 0/43 HPs)
             Began as an Octopode Artificer on Feb 17, 2017.
             Was a Follower of Ru.
             Slain by a shadow imp (3 damage)
             ... on level 5 of the Dungeon.
             The game lasted 00:05:51 (4129 turns).

M4edhros the Covert (Octopode Artificer)            Turns: 4129, Time: 00:05:52

Health: 0/43       AC:  1    Str: 16    XL:     7   Next: 78%
Magic:  9/9        EV: 15    Int: 18    God:    Ru [*.....]
Gold:   542        SH:  0    Dex: 14    Spells: 6/6 levels left

rFire    + . .     SeeInvis .   a - +0 short sword
rCold    x . .     Gourm    .   (no shield)
rNeg     . . .     Faith    .   (helmet restricted)
rPois    .         Spirit   .   (no amulet)
rElec    .         Reflect  .   h - ring of teleportation (curse)
rCorr    +         Harm     .   q - ring of resist corrosion
MR       .....     Rnd*Tele +   y - ring of teleportation (curse)
Stlth    ++++++....             H - ring of fire
Regen    0.2/turn               (no ring)
MPRegen  0.2/turn               (no ring)
                                (no ring)
                                (no ring)

@: mighty
A: almost no armour, stealthy swim, amphibious, 8 rings, constrict 8, repulsion
field 1, camouflage 1, blurry vision 1, clever 2, wild magic 1, gelatinous body
1, magic vulnerability 1
a: Renounce Religion


You were on level 5 of the Dungeon.
You worshipped Ru.
Ru was aware of your devotion.
You were not hungry.

You visited 1 branch of the dungeon, and saw 5 of its levels.
You also visited: Ossuary.

You collected 542 gold pieces.

Inventory:

Hand Weapons
 a - a +0 short sword (weapon)
 p - a +0 falchion
 J - a +0 hunting sling
Missiles
 j - 82 stones (quivered)
 l - 74 sling bullets
Jewellery
 h - a cursed ring of teleportation (left tentacle)
 q - a ring of resist corrosion (right tentacle)
 y - a cursed ring of teleportation (on tentacle)
 H - a ring of fire (on tentacle)
 K - an uncursed ring of wizardry {unknown}
 O - an uncursed amulet of the gourmand {unknown}
Wands
 b - a wand of flame (12/48)
 c - a wand of enslavement (5/24)
 d - a wand of random effects (14/48)
 D - a wand of random effects (12/48)
Scrolls
 e - a scroll of random uselessness {unknown}
 i - 8 scrolls of identify {unknown}
 k - a scroll of enchant weapon {unknown}
 n - 2 scrolls of immolation {unknown}
 r - 2 scrolls of enchant armour {unknown}
 u - 2 scrolls of amnesia {unknown}
 E - a scroll of recharging {unknown}
 F - a scroll of teleportation {unknown}
 G - 3 scrolls of remove curse {unknown}
 I - a scroll of fog {unknown}
 L - a scroll of noise {unknown}
 M - a scroll of fear {unknown}
Potions
 m - 2 potions of might
 s - a potion of lignification {unknown}
 v - 2 potions of heal wounds
 w - 3 potions of haste {unknown}
 x - a potion of curing {unknown}
 z - a potion of mutation {unknown}
 A - a potion of berserk rage {unknown}
 B - a potion of degeneration {unknown}
 C - 2 potions of agility {unknown}
Books
 t - a book of Conjurations

   Spells                             Type                      Level
   a - Magic Dart                     Conjuration                  1
   b - Searing Ray                    Conjuration                  2
   c - Dazzling Spray                 Conjuration/Hexes            3
   d - Fulminant Prism                Conjuration/Hexes            4
   e - Force Lance                    Conjuration/Translocation    4
   f - Iskenderun's Mystic Blast      Conjuration                  4
Comestibles
 f - 2 bread rations
 g - 3 meat rations
 o - 2 royal jellies


   Skills:
 - Level 1.0 Fighting
 - Level 1.0 Short Blades
 - Level 2.0 Dodging
 + Level 11.6 Stealth
 - Level 3.2 Evocations


You had 6 spell levels left.
You didn't know any spells.

Dungeon Overview and Level Annotations

Branches:
Dungeon (5/15)
 Temple: D:4-7

Altars:
Okawaru
Ru
Sif Muna
Xom

Annotations:
D:5 Menkaure


Innate Abilities, Weirdness & Mutations

You cannot wear most types of armour.
You are very stealthy in the water. (Stealth+)
You are amphibious.
You can wear up to eight rings at the same time.
You can use your tentacles to constrict eight enemies at once.
Your skin changes colour to match your surroundings (Stealth+).
Your rubbery body absorbs attacks. (AC +1, EV +1)
You are slightly vulnerable to magic. (MR-)
You are surrounded by a mild repulsion field. (EV +2)
Scrolls take you a little longer to read.
Your mind is very acute. (Int +4)
Your spells are a little harder to cast, but a little more powerful.


Message History

A hound comes into view.
The helpless ogre fails to defend itself.
You perforate the ogre like a sieve!!!
You kill the ogre!
The hound barks!
The frilled lizard closely misses you.
You hit the frilled lizard.
You kill the frilled lizard!
The shadow imp barely misses you.
You barely miss the shadow imp. You grab the shadow imp.
You constrict the shadow imp, but do no damage.
The shadow imp gestures at you. Pain shoots through your body!
* * * LOW HITPOINT WARNING * * *
The hound barely misses you.
You hit the hound. You grab the hound. You squeeze the hound.
The hound is heavily wounded.
You constrict the hound. You constrict the shadow imp.
The hound barely misses you. The shadow imp hits you.
You die...

## ..# ##≈≈≈≈##
#......
Z.###≈≈≈≈≈≈###.......
#....≈≈..(...........
##
#...≈≈..............
.##
#..≈?...≈≈.........
.##. #..≈..≈≈..≈.....#
.##.##...≈≈....≈h....#
#...........⌠≈≈5@..).#
.#.#....$.≈≈⌠.......#
.# #.....≈....≈≈..(##
.# #.....≈..≈≈..≈..#
.#........≈≈....≈..#
.###..........≈≈...#
#.........≈≈....#
...###≈≈≈≈≈≈###.#
.#.## ##≈≈≈≈## ##


You could see a hound and a shadow imp.

Vanquished Creatures
  Sigmund (D:3)
  A sky beast (D:5)
  An ogre (D:5)
  An iguana (D:4)
  A bullfrog zombie (D:5)
  A centaur zombie (D:3)
  An orc priest (D:4)
  A hound (D:4)
  2 worker ants
  5 mummies (Ossuary)
  An adder (D:3)
  An ooze (D:2)
  A worm (D:4)
  3 dart slugs
  4 leopard geckos
  6 orcs
  3 giant cockroaches
  10 goblins
  9 hobgoblins
  3 jackals (D:2)
  A quokka (D:2)
  8 bats
  8 frilled lizards
  A gnoll zombie (Ossuary)
  2 hobgoblin zombies (Ossuary)
  A jackal zombie (D:5)
  5 kobolds
  A kobold zombie (Ossuary)
  A leopard gecko skeleton (D:4)
  4 orc zombies (Ossuary)
  8 rats
96 creatures vanquished.

Vanquished Creatures (collateral kills)
  A phantom (D:4)
  2 mummies (Ossuary)
  An orc (D:5)
4 creatures vanquished.

Vanquished Creatures (others)
  A mummy (Ossuary)
1 creature vanquished.

Grand Total: 101 creatures vanquished

Notes
Turn   | Place    | Note
-------+----------+-------------------------------------------
     0 | D:1      | M4edhros the Octopode Artificer began the quest for the Orb.
     0 | D:1      | Reached XP level 1. HP: 13/13 MP: 3/3
    30 | D:1      | Reached skill level 2 in Stealth
   380 | D:1      | Reached XP level 2. HP: 18/18 MP: 4/4
   412 | D:1      | Reached skill level 3 in Stealth
   572 | D:3      | Found an iron altar of Okawaru.
   610 | D:3      | Found a sacrificial altar of Ru.
   701 | D:4      | Reached skill level 4 in Stealth
   736 | D:4      | Reached skill level 5 in Stealth
   736 | D:4      | Reached XP level 3. HP: 20/23 MP: 5/5
   844 | D:3      | Became a worshipper of Ru the Awakened
   913 | D:4      | Found a sand-covered staircase.
   938 | D:4      | Reached skill level 6 in Stealth
   938 | D:4      | Reached XP level 4. HP: 11/28 MP: 6/6
   945 | Ossuary  | Entered an ossuary
  1079 | Ossuary  | Reached XP level 5. HP: 13/33 MP: 7/7
  1234 | Ossuary  | Reached skill level 7 in Stealth
  1507 | D:2      | Found a shimmering altar of Xom.
  2245 | D:2      | Reached skill level 8 in Stealth
  2310 | D:2      | Found a deep blue altar of Sif Muna.
  2461 | D:2      | Gained mutation: You are slightly vulnerable to magic. (MR-) [Ru sacrifice]
  2461 | D:2      | Reached * piety under Ru
  2644 | D:2      | Reached XP level 6. HP: 38/38 MP: 8/8
  2862 | D:3      | Noticed Sigmund
  2869 | D:3      | Killed Sigmund
  2869 | D:3      | Reached skill level 9 in Stealth
  3129 | D:3      | Found a faded altar of an unknown god.
  3421 | D:4      | Noticed a phantom
  3451 | D:4      | Killed a phantom
  3451 | D:4      | Reached skill level 10 in Stealth
  3451 | D:4      | Reached XP level 7. HP: 31/43 MP: 9/9
  3665 | D:5      | Entered Level 5 of the Dungeon
  3968 | D:5      | HP: 1/43 [something (6)]
  4079 | D:5      | HP: 1/43 [sky beast (5)]
  4086 | D:5      | Reached skill level 11 in Stealth
  4091 | D:5      | Gained mutation: Your mind is acute. (Int +2) [mutagenic meat]
  4092 | D:5      | Gained mutation: You are surrounded by a mild repulsion field. (EV +2) [mutagenic meat]
  4093 | D:5      | Gained mutation: Your spells are a little harder to cast, but a little more powerful. [mutagenic meat]
  4094 | D:5      | Gained mutation: Scrolls take you a little longer to read. [mutagenic meat]
  4095 | D:5      | Gained mutation: Your mind is very acute. (Int +4) [mutagenic meat]
  4113 | D:5      | Noticed Menkaure
  4128 | D:5      | HP: 2/43 [shadow imp/nerve-wracking pain (9)]
  4129 | D:5      | Slain by a shadow imp

Vault maps used:
D:1:      tarquinn_simple_flora_water_d
D:2:      xom_butterflies, lemuel_crystal_altar, minmay_mini_jars
D:3:      nicolae_overflow_hidden_temple, okawaru_ov_weapons_minmay,
          chequers_ecumenical_altar_lobes, uniq_sigmund
D:4:      chequers_ossuary_entry_cave
D:5:      cheibrodos_helix_gallery, demons_altar, lemuel_doored_altar,
          first_bread, uniq_prince_ribbit1, uniq_menkaure,
          uniq_crazy_yiuf_cottage
Ossuary:  ossuary_tomb_3

Skill      XL: |  1  2  3  4  5  6  7 |
---------------+----------------------+-----
Stealth        | 2 5 6 8 10 11 | 11.6
Fighting       | |  1.0
Short Blades   | |  1.0
Dodging        | |  2.0
Evocations     | |  3.2

Action                   |  1- 3 |  4- 6 |  7- 9 || total
-------------------------+-------+-------+-------++-------
Melee: Short sword       |    58 |   135 |    33 ||   226
       Constrict         |    15 |    29 |     6 ||    50
       Tentacles         |    13 |    18 |     5 ||    36
Invok: Sacrifice Essence |       |     1 |       ||     1
Evoke: Wand              |     1 |     7 |     6 ||    14
  Use: Potion            |       |     2 |     2 ||     4
 Stab: Sleeping          |     4 |    19 |     3 ||    26
       Distracted        |       |     3 |     1 ||     4
       Betrayed ally     |       |       |     1 ||     1
  Eat: Chunk             |       |     7 |     9 ||    16
Armor: Skin              |     3 |     3 |     2 ||     8
Dodge: Dodged            |    36 |    92 |    18 ||   146
